 Dungeon Sprint DCSS version 0.20.0-15-g7f486f2 (webtiles) character file.

2800000 Groucho the Intangible (level 19, -14/226 HPs)
             Began as a Demonspawn Gladiator on June 24, 2017.
             Was a High Priest of Makhleb.
             Demolished by a destroyer
             ... wielding a +9 great sword of slicing
              (35 damage)
             ... in the Dungeon (Sprint VIII: "Arena of Blood").
             The game lasted 00:02:09 (28 turns).

Groucho the Intangible (Demonspawn Gladiator)         Turns: 28, Time: 00:02:10

Health: -14/226    AC: 12    Str: 15    XL:     19   Next: 73%
Magic:  0/50       EV: 34    Int: 12    God:    Makhleb [*****.]
Gold:   0          SH:  0    Dex: 20    Spells: 72/72 levels left

rFire    . . .     SeeInvis .   l - +∞ Axe of Woe
rCold    . . .     Gourm    .   (shield currently unavailable)
rNeg     . . .     Faith    .   b - +0 leather armour
rPois    +         Spirit   +   c - +0 helmet
rElec    .         Reflect  .   (no cloak)
rCorr    .         Harm     .   (gloves unavailable)
MR       +....     NoTele   +   (no boots)
Stlth    ++........             (no amulet)
Regen    0.5/turn               (no ring)
MPRegen  0.7/turn               (no ring)

@: no status effects
A: claws 3, slimy green scales 3, foul stench 1, robust 2, magic shield, magic
regeneration, rot immunity
a: Minor Destruction, Lesser Servant of Makhleb, Major Destruction, Greater
Servant of Makhleb, Renounce Religion


You were in the Dungeon.
You worshipped Makhleb.
Makhleb was extremely pleased with you.
You were not hungry.

You visited 1 branch

Inventory:

Hand Weapons
 a - a +0 war axe
 l - the +∞ Axe of Woe (weapon)
   (You found it in the Dungeon)
Missiles
 d - 3 throwing nets (quivered)
Armour
 b - a +0 leather armour (worn)
 c - a +0 helmet (worn)
Scrolls
 k - a scroll of blinking
Potions
 e - a potion of curing
 g - a potion of heal wounds
 h - a potion of haste
 i - 2 potions of magic
 j - a potion of berserk rage
Comestibles
 f - a bread ration


   Skills:
 O Level 27 Fighting
 O Level 27 Axes
 - Level 1.7 Throwing
 + Level 23.6 Armour
 O Level 27 Dodging
 O Level 27 Spellcasting
 O Level 27 Invocations


You had 72 spell levels left.
You didn't know any spells.

Dungeon Overview and Level Annotations

Branches:
Dungeon (1/1)

Altars:
Makhleb


Innate Abilities, Weirdness & Mutations

You have claws for hands.
You are completely covered in slimy green scales. (AC +4, rPois)
You may emit foul miasma when damaged in melee.
You are very robust. (+20% HP)
When hurt, damage is shared between your health and your magic reserves.
You regenerate magic rapidly.
You are immune to rotting.


Message History

You chop the meat berserker into pieces.
You kill the meat berserker!
Makhleb accepts your kill.
Your Armour skill gained 6 levels and is now at level 23!
You hear a shout!
The destroyer appears out of thin air!
A destroyer comes into view.
It is wielding a +9 great sword of slicing.
You hear a shout! x2
Unknown command.
The destroyer shouts!
You hear a shout! x3
The meat berserker rages.
You hear a shout! x2
The destroyer blinks!
You hear a shout! x3
A bag of meat comes into view. It is wielding a +9 war axe.
The bag of meat shouts!
You hear a shout! x9
The destroyer hits you with a +9 great sword of slicing!!!!!
Ouch! That really hurt!
* * * LOW HITPOINT WARNING * * *
You die...

.. ..... #.
o..# #.. ...# .
.###.. ...###..
.O....###......
§....._.....
#..V))# #_.O@_#
#..)o)#
......_.....
.o....###......
.###.. ...###..
#.. ...# . #.
...# .. .....


You could see a destroyer, 2 meat berserkers and 2 bags of meat.

Vanquished Creatures
  A vampire knight (D)
  11 orcs (D)
  5 ogres (D)
17 creatures vanquished.

Notes
Turn   | Place    | Note
-------+----------+-------------------------------------------
     0 | D        | Groucho the Demonspawn Gladiator began the quest for the Orb.
     0 | D        | Reached XP level 1. HP: 16/16 MP: 1/1
     3 | D        | Noticed a bag of meat
     4 | D        | Noticed a bag of meat
     4 | D        | Became a worshipper of Makhleb the Destroyer
     5 | D        | Noticed a bag of meat
     6 | D        | Noticed a bag of meat
     6 | D        | Noticed a bag of meat
     6 | D        | Noticed a meat berserker
     9 | D        | Killed a bag of meat
     9 | D        | Gained mutation: You have sharp fingernails. [demonic ancestry]
     9 | D        | Reached XP level 2. HP: 22/22 MP: 2/2
     9 | D        | Gained mutation: When hurt, damage is shared between your health and your magic reserves. [demonic ancestry]
     9 | D        | Reached XP level 3. HP: 27/27 MP: 3/3
     9 | D        | Reached XP level 4. HP: 33/33 MP: 4/4
     9 | D        | Gained mutation: You are immune to rotting. [demonic ancestry]
     9 | D        | Reached XP level 5. HP: 38/38 MP: 5/5
     9 | D        | Gained mutation: You have very sharp fingernails. [demonic ancestry]
     9 | D        | Reached XP level 6. HP: 44/44 MP: 6/6
     9 | D        | Gained mutation: You regenerate magic rapidly. [demonic ancestry]
     9 | D        | Reached XP level 7. HP: 50/50 MP: 7/7
     9 | D        | Gained mutation: You are partially covered in slimy green scales. (AC +2) [demonic ancestry]
     9 | D        | Reached XP level 8. HP: 56/56 MP: 8/8
     9 | D        | Gained mutation: You may emit foul miasma when damaged in melee. [demonic ancestry]
     9 | D        | Reached XP level 9. HP: 61/61 MP: 9/9
     9 | D        | Gained mutation: You are mostly covered in slimy green scales. (AC +3) [demonic ancestry]
     9 | D        | Reached XP level 10. HP: 67/67 MP: 10/10
     9 | D        | Gained mutation: You have claws for hands. [demonic ancestry]
     9 | D        | Reached XP level 11. HP: 72/72 MP: 11/11
    10 | D        | Killed a bag of meat
    10 | D        | Reached * piety under Makhleb
    10 | D        | Reached XP level 12. HP: 29/78 MP: 4/12
    10 | D        | Killed a bag of meat
    10 | D        | Reached XP level 13. HP: 31/83 MP: 4/13
    10 | D        | Killed a meat berserker
    10 | D        | Reached XP level 14. HP: 34/90 MP: 4/14
    11 | D        | Noticed a meat berserker
    11 | D        | Noticed a bag of meat
    11 | D        | Killed a bag of meat
    11 | D        | Reached ** piety under Makhleb
    11 | D        | Reached XP level 15. HP: 36/95 MP: 4/15
    11 | D        | Reached skill level 27 in Axes
    11 | D        | Reached skill level 27 in Dodging
    12 | D        | Noticed a meat berserker
    13 | D        | Killed a meat berserker
    13 | D        | Gained mutation: You are robust. (+10% HP) [demonic ancestry]
    13 | D        | Reached XP level 16. HP: 136/162 MP: 4/16
    15 | D        | Reached *** piety under Makhleb
    17 | D        | Killed a meat berserker
    17 | D        | Reached skill level 27 in Fighting
    17 | D        | Gained mutation: You are completely covered in slimy green scales. (AC +4, rPois) [demonic ancestry]
    17 | D        | Reached XP level 17. HP: 191/191 MP: 5/27
    19 | D        | Noticed a meat berserker
    19 | D        | Reached skill level 15 in Invocations
    21 | D        | Noticed a meat berserker
    21 | D        | Killed a meat berserker
    21 | D        | Reached **** piety under Makhleb
    22 | D        | Reached XP level 18. HP: 200/200 MP: 6/40
    24 | D        | Noticed a destroyer
    25 | D        | Noticed a meat berserker
    25 | D        | Killed a destroyer
    25 | D        | Reached skill level 27 in Invocations
    25 | D        | Reached ***** piety under Makhleb
    25 | D        | Reached skill level 27 in Spellcasting
    25 | D        | Gained mutation: You are very robust. (+20% HP) [demonic ancestry]
    25 | D        | Reached XP level 19. HP: 200/226 MP: 7/50
    26 | D        | Killed a meat berserker
    27 | D        | Noticed a destroyer
    28 | D        | Demolished by a destroyer

Skill      XL: |  1  2  3  4  5  6  7  8  9 10 11 12 13 14 15 16 17 18 19 |
---------------+----------------------------------------------------------+-----
Axes           | 18 20 22 25 26 27 | 27.0
Dodging        | 18 20 22 25 26 27 | 27.0
Fighting       | 19 27 | 27.0
Spellcasting   | 6 18 27 | 27.0
Invocations    | 9 24 27 | 27.0
Armour         | 12 23 | 23.6
Throwing       | |  1.7

Action                   |  1- 3 |  4- 6 |  7- 9 | 10-12 | 13-15 | 16-18 | 19-21 || total
-------------------------+-------+-------+-------+-------+-------+-------+-------++-------
Melee: Executioner's axe |     1 |       |       |     1 |     2 |     7 |     1 ||    12
